Map: Ulrena

Players

Guzey

  • Race: Terran Terran
  • League: Gold
  • Spawn Location: 7:00

zidar - Winner!

  • Race: Zerg Zerg
  • League: Gold
  • Spawn Location: 11:00

VOD

Have the link to the VOD?

Description

Time

  • Played on: June 6, 2016, 3:31 p.m.
  • Length: 6:29
Show
View Real Time Build Order
Export as new Build Order

Guzey Terran 

Build Orders:  

Get SALT Encoding   

  12  0:01  SCV  
  13  0:13  SCV  
  14  0:21  Supply Depot  
  14  0:25  SCV  
  15  0:31  Refinery  
  15  0:44  Barracks  
  15  0:45  SCV  
  16  0:57  SCV  
  17  1:05  Supply Depot  
  17  1:09  SCV  
  18  1:21  SCV  
  19  1:34  Orbital Command  
  19  1:36  Marine  
  20  1:42  Factory  
  20  1:54  Marine  
  21  2:01  SCV  
  21  2:07  Supply Depot  
  22  2:11  Marine  
  23  2:22  SCV  
  24  2:28  Factory Reactor  
  24  2:35  Command Center  
  24  2:37  Marine  
  24  2:39  SCV  
  26  2:51  SCV  
  27  2:54  Marine  
  28  2:59  Starport  
  28  3:03  SCV  
  31  3:06  Hellion  
  31  3:09  Hellion  
  33  3:21  SCV  
  33  3:24  Barracks Tech Lab  
  34  3:35  Hellion x2  
  38  3:42  SCV  
  38  3:46  Supply Depot  
  39  3:48  Refinery  
  39  4:07  Marauder  
  37  4:13  Supply Depot  
  37  4:19  Supply Depot  
  37  4:26  Engineering Bay  
  37  4:29  Marauder  
  39  4:42  Medivac  
  41  4:46  Armory  
  41  4:50  Marauder  
  41  5:08  Hellion  
  41  5:09  Hellion  
  41  5:11  Supply Depot  
  37  5:36  Marauder  
  37  5:37  Widow Mine  
  32  5:57  Marine, Hellion  
  32  5:58  Hellion  
Show
View Real Time Build Order
Export as new Build Order

zidar Zerg - Winner!

Build Orders: Hatch First 

Get SALT Encoding   

  12  0:01  Drone  
  13  0:12  Overlord  
  13  0:17  Drone  
  14  0:30  Drone x2  
  14  0:34  Drone  
  17  0:56  Hatchery  
  16  0:58  Drone  
  16  1:04  Drone  
  18  1:20  Spawning Pool  
  18  1:21  Drone  
  18  1:24  Extractor  
  17  1:38  Drone  
  17  1:39  Overlord x2  
  18  1:52  Drone  
  18  2:07  Queen  
  20  2:13  Roach Warren  
  19  2:21  Overlord  
  19  2:26  Metabolic Boost  
  19  2:32  Queen  
  19  2:36  Drone  
  22  3:02  Drone  
  22  3:03  Drone x5  
  28  3:09  Extractor  
  27  3:37  Roach x6  
  39  3:49  Drone x4  
  42  4:11  Ravager  
  42  4:13  Ravager  
  42  4:16  Roach x4  
  40  5:45  Roach x2  
Tags
 
League
GoldGold
Matchup
TvZ
Spawn Locations
Close Positions
Add a new tag
Caveats
  • Supply blocks, unpowered buildings, or Contaminate may cause inaccurate times.
  • Supply counts are checked every 10 seconds.